 Dungeon Sprint DCSS version 0.17-a0-1570-g74b7129 (webtiles) character file.

12 nuthulu the Spear-Bearer (level 4, 0/39 HPs)
             Began as a Merfolk Gladiator on July 23, 2015.
             Was an Initiate of Okawaru.
             Slain by an orc warrior
             ... wielding a +0 hand axe
              (20 damage)
             ... in the Dungeon (Sprint VI: "Thunderdome").
             The game lasted 00:01:10 (126 turns).

nuthulu the Spear-Bearer (Merfolk Gladiator)         Turns: 126, Time: 00:01:11

Health: 0/39       AC:  4    Str: 18    XL:     4   Next: 83%
Magic:  4/4        EV: 17    Int:  7    God:    Okawaru [......]
Gold:   85         SH:  0    Dex: 16    Spells: 0 memorised, 3 levels left

rFire  . . .     SeeInvis .     a - +0 trident
rCold  x . .     Clarity  .     b - +0 leather armour
rNeg   + + .     SustAt   .     (no shield)
rPois  .         Gourm    .     c - +0 helmet
rElec  +         Spirit   .     (no cloak)
rCorr  .         Warding  .     (no gloves)
rMut   .         NoTele   +     (no boots)
MR     +....                    p - amulet "Buischinet" {Faith rC- rN++ MR+ Dex-4}
Stlth  ..........               q - ring "Tyf Ycou" {+Fly Slay+5 Stlth-}
                                r - ring "Hyowaan" {rElec Str+3 Dex+5}

@: hasted, very quick, somewhat resistant to hostile enchantments, extremely
unstealthy
A: change form in water, swift swim
a: Renounce Religion, Evoke Flight


You were in the Dungeon.
You worshipped Okawaru.
Okawaru was noncommittal.
You were not hungry.

You visited 1 branch You collected 220 gold pieces.
You spent 135 gold pieces at shops.

Inventory:

Hand weapons
 a - a +0 trident (weapon)
Missiles
 d - 3 throwing nets (quivered)
Armour
 b - a +0 leather armour (worn)
 c - a +0 helmet (worn)
Jewellery
 p - the amulet "Buischinet" (around neck) {Faith rC- rN++ MR+ Dex-4}
   (You bought it in a shop in the Dungeon)

   [amulet of faith]

   It allows you to gain divine favour quickly.
   It affects your dexterity (-4).
   It makes you vulnerable to cold.
   It greatly protects you from negative energy.
   It affects your resistance to hostile enchantments.
 q - the ring "Tyf Ycou" (right hand) {+Fly Slay+5 Stlth-}
   (You bought it in a shop in the Dungeon)

   [ring of flight]

   It affects your accuracy and damage with ranged weapons and melee attacks
   (+5).
   It lets you fly.
   It makes you less stealthy.
 r - the ring "Hyowaan" (left hand) {rElec Str+3 Dex+5}
   (You bought it in a shop in the Dungeon)

   [ring of dexterity]

   It affects your strength (+3).
   It affects your dexterity (+5).
   It insulates you from electricity.
Magical devices
 l - a wand of cold (5)
 m - a wand of fire (5)
Scrolls
 k - 4 scrolls of blinking
 n - 3 scrolls of fog
Potions
 f - a potion of curing
 g - 4 potions of heal wounds
 h - 3 potions of haste
 i - 2 potions of magic
 j - a potion of berserk rage
 o - a potion of resistance
Comestibles
 e - a bread ration


   Skills:
 + Level 5.6 Fighting
 + Level 8.8 Polearms
 - Level 2.4 Throwing
 + Level 8.0 Dodging


You had 3 spell levels left.
You didn't know any spells.

Dungeon Overview and Level Annotations

Branches:
Dungeon (1/1)

Altars:
Cheibriados
Dithmenos
Fedhas
Gozag
Kikubaaqudgha
Makhleb
Okawaru
Qazlal
Ru
Sif Muna
Trog
Vehumet
Xom
Yredelemnul
Zin
The Shining One
Jiyva
Lugonu

Shops:
D *[%??*?*:[((!!!!


Message History

You kill Blork the orc!
Okawaru accepts your kill.
Your Fighting skill increases to level 5!
Your Polearms skill increases to level 8!
Your Dodging skill gained 2 levels and is now at level 8!
You have reached level 4!
The orc warrior throws a tomahawk.
The tomahawk hits you.
Attack whom?
Press: ? - help, Dir - move target cursor, f - you
Okay, then.
Attack whom?
Press: ? - help, Dir - move target cursor, f - orc warrior
Aim: an orc warrior, wielding a hand axe and wearing a plate armour You reach to attack!
You hit the orc warrior.
The orc warrior is lightly wounded.
Drink which item? (? for menu, Esc to quit)
You feel yourself speed up.
The orc warrior hits you with a hand axe!!
Ouch! That really hurt!
You die...

#∩.......∩# #_........#
#_........# #.........#
###.........###
#⌠...........⌠#
######.8......(..8.######
##∩___......###o.....___∩#
##∩........8.# #@8........∩
.............###...)[......
..........###...###..†.....
..........# #.<.# #........
..........###...###........
.............###...........
##∩........8.# #.8........∩
##∩___......###......_._∩#
######.8.........8.######


You could see an orc warrior.

Vanquished Creatures
  Blork the orc (D)
  Jessica (D)
  An adder (D)
  An orc (D)
  A bat (D)
  A giant cockroach (D)
6 creatures vanquished.

Notes
Turn   | Place    | Note
--------------------------------------------------------------
     0 | D        | nuthulu the Merfolk Gladiator began the quest for the Orb.
     0 | D        | Reached XP level 1. HP: 16/16 MP: 1/1
     1 | D        | Found a glowing golden altar of the Shining One.
     1 | D        | Found an opulent altar of Gozag.
     2 | D        | Found a deep blue altar of Sif Muna.
     3 | D        | Found a burning altar of Makhleb.
     3 | D        | Found a shadowy altar of Dithmenos.
     4 | D        | Found Werypn's Identification Station.
     4 | D        | Found a viscous altar of Jiyva.
     4 | D        | Found a snail-covered altar of Cheibriados.
     4 | D        | Found Wiuckoic's Bee Food.
     5 | D        | Found Leasefoeph's Advanced Armour.
     5 | D        | Found Vitt's Jewellery.
     5 | D        | Round 1.
    13 | D        | Bought a glittering pewter amulet for 45 gold pieces
    13 | D        | Bought a shimmering ivory ring for 45 gold pieces
    13 | D        | Bought a coiled pewter ring for 45 gold pieces
    13 | D        | Identified the ring "Hyowaan" {rElec Str+3 Dex+5} (You bought it in a shop in the Dungeon)
    14 | D        | Identified the amulet "Buischinet" {Faith rC- rN++ MR+ Dex-4} (You bought it in a shop in the Dungeon)
    15 | D        | Identified the ring "Tyf Ycou" {+Fly Slay+5 Stlth-} (You bought it in a shop in the Dungeon)
    21 | D        | Found a stormy altar of Qazlal.
    21 | D        | Found a blossoming altar of Fedhas.
    22 | D        | Found Iqumus's Magic Scroll Shop.
    23 | D        | Found Umeohoott's Magic Scroll Shop.
    23 | D        | Found Ophem's Must-Have Magic.
    24 | D        | Found Aduoteak's Staff Store.
    30 | D        | Found a sacrificial altar of Ru.
    31 | D        | Found a bloodstained altar of Trog.
    32 | D        | Found a corrupted altar of Lugonu.
    33 | D        | Found Zomity Hiut's Distillery.
    33 | D        | Found an ancient bone altar of Kikubaaqudgha.
    33 | D        | Found a glowing silver altar of Zin.
    33 | D        | Found Aryvaz's Do-It-Yourself Clinic.
    34 | D        | Found Pedghugoi's Distillery.
    34 | D        | Found Ytuvij's Bottled Wisdom.
    34 | D        | Noticed Jessica
    35 | D        | Reached skill level 5 in Polearms
    39 | D        | Reached skill level 6 in Polearms
    39 | D        | Reached skill level 5 in Dodging
    39 | D        | Reached XP level 2. HP: 17/23 MP: 2/2
    44 | D        | Killed Jessica
    44 | D        | Arena points: 12 (+12) [x2]
    44 | D        | Reached skill level 7 in Polearms
    44 | D        | Reached XP level 3. HP: 20/30 MP: 3/3
    46 | D        | Found a shimmering altar of Xom.
    47 | D        | Found a basalt altar of Yredelemnul.
    48 | D        | Found an iron altar of Okawaru.
    49 | D        | Found Etulyb's Weapon Rack.
    50 | D        | Found a radiant altar of Vehumet.
    50 | D        | Found Gaemust's Premium Goods.
    50 | D        | Found Duol's Basic Armour.
    50 | D        | Found Eren's Miscellaneous Merchandise.
    56 | D        | Became a worshipper of Warmaster Okawaru
    99 | D        | Round 2.
   112 | D        | Noticed Blork the orc
   113 | D        | Noticed an orc warrior
   123 | D        | Killed Blork the orc
   123 | D        | Reached skill level 5 in Fighting
   123 | D        | Reached skill level 8 in Polearms
   123 | D        | Reached XP level 4. HP: 24/39 MP: 4/4
   126 | D        | Slain by an orc warrior

Vault maps used:
D:        arena_sprint

Action                   |  1- 3 |  4- 6 || total
-------------------------+-------+-------++-------
Melee: Trident           |    18 |     1 ||    19
  Use: Potion            |       |     1 ||     1
